 Dungeon Crawl Stone Soup version 0.30-a0-1053-gbd8d5ba0ad (webtiles) character file.

Game seed: 3828815486454598424

742 BlueFish the Sneak (level 7, 0/48 HPs)
             Began as an Octopode Fighter on Apr 11, 2023.
             Slain by a kobold
             ... wielding a +0 short sword
              (1 damage)
             ... on level 6 of the Dungeon.
             The game lasted 00:06:43 (3869 turns).

BlueFish the Sneak (Octopode Fighter)               Turns: 3869, Time: 00:06:44

Health: 0/48       AC:  1    Str: 17    XL:     7   Next: 76%
Magic:  10/10      EV: 13    Int: 11    God:
Gold:   182        SH:  4    Dex: 11    Spells: 10/10 levels left

rFire   . . .      SeeInvis .    m - +6 spear of the Tundras {drain, Stlth+}
rCold   . . .      Faith    .    a - +0 buckler
rNeg    . . .      Spirit   .    (helmet restricted)
rPois   .          Reflect  .    (no amulet)
rElec   .          Rampage  .    o - ring of resist corrosion
rCorr   +                        (no ring)
Will    .....                    (no ring)
Stlth   +++++                    (no ring)
HPRegen 0.28/turn                (no ring)
MPRegen 0.12/turn                (no ring)
                                 (no ring)
                                 (no ring)

@: no status effects
A: almost no armour, amphibious, 8 rings, camouflage 1, gelatinous body 1,
(nimble swimmer 1), tentacles
a: no special abilities


You were on level 6 of the Dungeon.
You visited 1 branch of the dungeon, and saw 6 of its levels.

You collected 182 gold pieces.

Inventory:

Hand Weapons
 m - the +6 spear of the Tundras (weapon) {drain, Stlth+}
   (You found it on level 2 of the Dungeon)

   Stlth:     It makes you more stealthy.
Missiles
 e - 76 stones (quivered)
Armour
 a - a +0 buckler (worn)
Jewellery
 o - a ring of resist corrosion (left tentacle)
Scrolls
 c - 3 scrolls of fog {unknown}
 f - a scroll of fear {unknown}
 h - 5 scrolls of identify
 j - 4 scrolls of blinking {unknown}
 n - a scroll of immolation {unknown}
 s - a scroll of enchant weapon {unknown}
 t - a scroll of poison {unknown}
Potions
 b - 2 potions of might
 d - a potion of heal wounds {unknown}
 g - a potion of degeneration {unknown}
 i - a potion of berserk rage {unknown}
 k - a potion of cancellation {unknown}
 l - 2 potions of flight {unknown}
 p - a potion of attraction {unknown}
 q - a potion of resistance {unknown}
 r - 6 potions of curing
 u - a potion of mutation {unknown}


   Skills:
 + Level 4.0 Fighting
 - Level 0.1 Maces & Flails
 + Level 2.1 Polearms
 + Level 2.2 Throwing
 + Level 4.1 Dodging
 * Level 5.7 Stealth
 + Level 4.1 Shields
 + Level 3.3 Unarmed Combat
 + Level 2.1 Spellcasting


You had 10 spell levels left.
You didn't know any spells.
Your spell library contained the following spells:

 Spells                   Type           Power      Damage    Failure   Level
 Foxfire                  Conj/Fire      4%         2x1d4     36%         1
 Fireball                 Conj/Fire      0%         3d3       100%        5
 Plasma Beam              Fire/Air       0%         2x1d11    100%        6
 Starburst                Conj/Fire      0%         6d3       100%        6


Dungeon Overview and Level Annotations

Branches:
Dungeon (6/15)
 Temple: D:4-7

Altars:
Dithmenos
Nemelex Xobeh
Qazlal
Sif Muna
Vehumet
Xom

Annotations:
D:3 3 runed translucent doors, Hubris850's ghost, amateur GrEE; dva13's ghost, amateur HOFE


Innate Abilities, Weirdness & Mutations

You cannot wear most types of armour.
You are amphibious.
You can wear up to eight rings at the same time.
Your skin changes colour to match your surroundings (Stealth+).
Your rubbery body absorbs attacks. (AC +1, EV +1)
((You are camouflaged when in or above water. (Stealth+)))
You have tentacles for arms and can constrict up to eight enemies at once.


Message History

The kobold closely misses you. The kobold hits you with a +0 club.
The kobold hits you with a +0 short sword.
You closely miss the kobold brigand. Your grab misses the kobold brigand.
The kobold brigand is heavily wounded.
The kobold barely misses you. You block the kobold's attack. x2
The kobold brigand closely misses you.
The kobold hits you with a +0 short sword.
The kobold hits you with a +0 club.
You hit the kobold brigand. You drain the kobold brigand.
You grab the kobold brigand. You squeeze the kobold brigand.
The kobold brigand is severely wounded.
You constrict the kobold brigand. The kobold barely misses you.
The kobold hits you but does no damage.
The kobold hits you with a +0 short sword.
The kobold hits you with a +0 club.
The kobold hits you with a +0 short sword.
The kobold brigand hits you with a +0 dagger.
* * * LOW HITPOINT WARNING * * *
You puncture the kobold brigand!
The kobold brigand is almost dead.
You constrict the kobold brigand.
The howler monkey hoots and howls with incredible vigour!
The kobold closely misses you. The kobold hits you but does no damage.
The kobold closely misses you. The kobold hits you with a +0 club.
* * * LOW HITPOINT WARNING * * *
The kobold brigand hits you with a +0 dagger.
* * * LOW HITPOINT WARNING * * *
The kobold closely misses you.
You hear a shout!
You hear a bellow! x4; You hear a shout! x5
Okay, then.
As you read the scroll labelled UPPYZI OCKE, it crumbles to dust.
It is a scroll of identify.
r - 6 potions of curing You constrict the kobold brigand.
You kill the kobold brigand!
The kobold hits you with a +0 short sword.
* * * LOW HITPOINT WARNING * * *
You block the kobold's attack.
The kobold hits you with a +0 short sword.
You die...

### .. ..#####
#.....# #.....# #
#.K...#.#
#KKh..#.#
#K@K....# .#
#..K..### .# ..
#.....#####.#...
###.......!.#Y..
#............ .
#.........# ..
#.........# #..
#........# ..#
#........####.##>


You could see a howler monkey (catching breath) and 6 kobolds.

Vanquished Creatures
  Eustachio (D:5)
  A kobold brigand (D:6)
  3 scorpions (D:5)
  A hound (D:5)
  A jelly (D:3)
  4 iguanas
  4 orc wizards
  A gnoll (D:1)
  4 adders
  An ufetubus (D:4)
  4 dart slugs
  13 orcs
  10 ball pythons
  9 endoplasms
  3 giant cockroaches
  5 goblins
  4 hobgoblins
  3 jackals (D:5)
  8 kobolds
  6 quokkas
  3 bats
  A frilled lizard (D:2)
  9 rats
99 creatures vanquished.

Notes
Turn   | Place    | Note
-------+----------+-------------------------------------------
     0 | D:1      | BlueFish the Octopode Fighter began the quest for the Orb.
     0 | D:1      | Reached XP level 1. HP: 16/16 MP: 1/1
    52 | D:1      | Reached skill level 1 in Stealth
    52 | D:1      | Reached XP level 2. HP: 3/21 MP: 2/2
   270 | D:1      | Reached skill level 2 in Stealth
   275 | D:1      | Reached XP level 3. HP: 26/26 MP: 3/3
   939 | D:2      | Identified the +6 spear of the Tundras {drain, Stlth+}
  1210 | D:2      | Reached XP level 4. HP: 31/31 MP: 5/5
  1580 | D:2      | Reached skill level 1 in Spellcasting
  1712 | D:3      | Reached skill level 3 in Stealth
  1944 | D:3      | Reached XP level 5. HP: 35/36 MP: 6/6
  1951 | D:3      | Found a runed translucent gate.
  1952 | D:3      | Found a runed translucent gate.
  1953 | D:3      | Found a runed translucent gate.
  1953 | D:3      | Noticed Hubris850's ghost (amateur GrEE)
  1953 | D:3      | Noticed dva13's ghost (amateur HOFE)
  2419 | D:4      | Found a large runed translucent door.
  2421 | D:4      | Found a large runed translucent door.
  2439 | D:4      | Reached skill level 1 in Throwing
  2440 | D:4      | Reached skill level 1 in Polearms
  2531 | D:4      | Found a sparkling altar of Nemelex Xobeh.
  2696 | D:4      | Found a shadowy altar of Dithmenos.
  2721 | D:4      | Found a shimmering altar of Xom.
  2989 | D:4      | Found a stormy altar of Qazlal.
  2997 | D:4      | Found a radiant altar of Vehumet.
  3040 | D:5      | Entered Level 5 of the Dungeon
  3087 | D:5      | Reached skill level 4 in Stealth
  3087 | D:5      | Reached XP level 6. HP: 42/42 MP: 6/8
  3181 | D:5      | Noticed Eustachio
  3191 | D:5      | Killed Eustachio
  3261 | D:5      | Reached XP level 7. HP: 34/47 MP: 9/9
  3365 | D:5      | Reached skill level 5 in Stealth
  3678 | D:5      | Found a shimmering blue altar of Sif Muna.
  3851 | D:6      | Noticed a yak
  3852 | D:6      | Noticed a yak
  3852 | D:6      | Noticed a yak
  3869 | D:6      | HP: 1/48 [kobold/+0 short sword (3)]
  3869 | D:6      | Slain by a kobold

Illustrated notes

Levels and vault maps discovered:
D:1:      dpeg_arrival_lava_temple_mockup, layout_loops_ring
D:2:      layout_basic, serial_co_window_serial, co_window_paths_b,
          co_window_paths_a, co_window_cross_1, co_window_corner_a,
          co_window_paths_a, co_window_of_opportunity_a, co_window_paths_b,
          co_window_corner_a, co_window_paths_a, co_window_2corner,
          co_window_of_opportunity_c, co_window_corner_b, glass_columns_a,
          glass_columns_a, glass_columns_a, glass_columns_a
D:3:      layout_loops_ring, gammafunk_ghost_cemetery
D:4:      layout_cave_pools, nemelex_xobeh_ov_fountains_minmay,
          lemuel_doored_altar, jmf_multi_god_temple2, lemuel_tele_altar,
          kennysheep_generic_room_8
D:5:      layout_rooms, old_standard_altar, uniq_eustachio
D:6:      layout_basic, lemuel_round_altar, nicolae_uskayaw_suspiria,
          corexii_checkpoint_b, uniq_duvessa, uniq_sigmund

Skill      XL: |  1  2  3  4  5  6  7 |
---------------+----------------------+-----
Stealth        | 1 2 3 4 5 |  5.7
Spellcasting   | 1 2 |  2.1
Throwing       | 1 2 |  2.2
Polearms       | 1 2 |  2.1
Unarmed Combat | 3 |  3.3
Shields        | 4 |  4.1
Dodging        | 4 |  4.1
Fighting       | 4 |  4.0
Maces & Flails | |  0.1

Action                     |  1- 3 |  4- 6 |  7- 9 || total
---------------------------+-------+-------+-------++-------
  Melee: Unarmed           |    29 |       |       ||    29
         Tentacles         |    13 |    11 |     6 ||    30
         Constrict         |    18 |     9 |     9 ||    36
         Mace              |    34 |       |       ||    34
         Spear             |     6 |    86 |    37 ||   129
         Punch             |       |       |     2 ||     2
    Use: Scroll            |       |       |     1 ||     1
   Stab: Sleeping          |    12 |    23 |     4 ||    39
 Armour: Skin              |     2 |     1 |     2 ||     5
  Dodge: Dodged            |    27 |    23 |    31 ||    81
  Block: Buckler           |     6 |     6 |    10 ||    22

Table legend: (Time is in decaauts)
 A = Elapsed time spent in this place.
 B = Non-inter-level travel time spent in this place.
 C = Inter-level travel time spent in this place.
 D = Time resting spent in this place.
 E = Time spent auto-exploring this place.
 F = Levels seen in this place.
 G = Mean time per level.
                   A        B        C        D        E       F      G
               +--------+--------+--------+--------+--------+-----+--------+
         Total |   3897 |   3692 |    205 |     86 |   2804 |   6 |  649.5 |
       Dungeon |   3897 |   3692 |    205 |     86 |   2804 |   6 |  649.5 |
               +--------+--------+--------+--------+--------+-----+--------+

Top non-repeatable levels by time:
     D:2: 881 daAuts
     D:4: 816 daAuts
     D:1: 812 daAuts
     D:3: 718 daAuts
     D:5: 611 daAuts
     D:6: 56 daAuts
